 Dungeon Crawl Stone Soup version 0.20-b1 (webtiles) character file.

513 mopl the Covert (level 7, -3/38 HPs)
             Began as a Deep Elf Assassin on May 19, 2017.
             Was an Initiate of Kikubaaqudgha.
             Slain by a river rat (9 damage)
             ... on level 4 of the Dungeon.
             The game lasted 00:09:07 (4431 turns).

mopl the Covert (Deep Elf Assassin)                 Turns: 4431, Time: 00:09:08

Health: -3/38      AC:  6    Str:  8    XL:     7   Next: 0%
Magic:  9/9        EV:  9    Int: 16    God:    Kikubaaqudgha [......]
Gold:   152        SH:  0    Dex: 18    Spells: 6/6 levels left

rFire    . . .     SeeInvis .   a - +2 dagger
rCold    . . .     Gourm    .   (no shield)
rNeg     . . .     Faith    .   n - +1 animal skin
rPois    .         Spirit   .   o - +0 helmet
rElec    .         Reflect  .   d - +0 cloak
rCorr    .         Harm     .   v - +0 pair of gloves
MR       .....                  (no boots)
Stlth    ++........             (no amulet)
Regen    0.2/turn               w - ring of flight
MPRegen  0.2/turn               (no ring)

@: constricted, very slow
A: no striking features
a: Renounce Religion, Evoke Flight


You were on level 4 of the Dungeon.
You worshipped Kikubaaqudgha.
Kikubaaqudgha was noncommittal.
You were not hungry.

You visited 1 branch of the dungeon, and saw 4 of its levels.

You collected 152 gold pieces.

Inventory:

Hand Weapons
 a - a +2 dagger (weapon)
 b - a +0 blowgun
Missiles
 e - 15 poisoned needles
 f - 2 curare-tipped needles
 E - 5 tomahawks (quivered)
Armour
 d - a +0 cloak (worn)
 n - a +1 animal skin (worn)
 o - a +0 helmet (worn)
 v - a +0 pair of gloves (worn)
 G - a +0 helmet
Jewellery
 w - a ring of flight (left hand)
Scrolls
 c - 2 scrolls of teleportation {unknown}
 i - 3 scrolls of fog
 m - 2 scrolls of fear
 p - a scroll of immolation {unknown}
 s - 2 scrolls of identify {unknown}
 u - a scroll of remove curse {unknown}
 y - a scroll of magic mapping {unknown}
 C - a scroll of recharging {unknown}
 D - 3 scrolls of enchant weapon {unknown}
Potions
 h - a potion of degeneration {unknown}
 j - 3 potions of flight {unknown}
 k - 3 potions of heal wounds {unknown}
 l - a potion of brilliance {unknown}
 q - a potion of berserk rage {unknown}
 z - a potion of magic {unknown}
 A - a potion of resistance {unknown}
 B - a potion of haste {unknown}
 F - a potion of curing {unknown}
Comestibles
 g - 3 bread rations
 r - 4 chunks of flesh
 t - a meat ration
 x - 2 royal jellies


   Skills:
 - Level 1.5 Fighting
 + Level 4.2 Short Blades
 + Level 4.0 Throwing
 - Level 1.2 Dodging
 * Level 8.3 Stealth


You had 6 spell levels left.
You didn't know any spells.

Dungeon Overview and Level Annotations

Branches:
Dungeon (4/15)
 Temple: D:4-7

Altars:
Ashenzari
Cheibriados
Kikubaaqudgha
Makhleb
Nemelex Xobeh
Okawaru
Ru
Zin

Shops:
D:4 =


Message History

You kill the rat!
Kikubaaqudgha accepts your kill. The ball python bites you.
The ball python bites you but does no damage.
The ball python constricts you. The ball python closely misses you.
Unknown command.
You hit the rat.
You kill the rat!
Kikubaaqudgha accepts your kill.
You have reached level 7!
The river rat bites you.
* * * LOW HITPOINT WARNING * * *
The ball python bites you but does no damage.
The ball python barely misses you.
* * * LOW HITPOINT WARNING * * *
The ball python constricts you. The ball python closely misses you.
The ball python's grasp on you weakens, but your attempt to escape fails.
The river rat bites you!
You die...
Kikubaaqudgha rasps: "You have failed me!
Welcome... death!"

##########
#≈≈r#≈≈..#
#≈rS#≈≈..#
#≈S@#≈r≈.##
##S†#≈....#
#≈≈r≈≈≈...#
#.≈≈......#
#≈≈.......##########
#...................
#######...####......
##### #.._...
##._8_..


You could see a river rat, 3 ball pythons and 2 rats.

Vanquished Creatures
  A black bear (D:4)
  A howler monkey (D:4)
  A hound (D:4)
  An orc priest (D:4)
  An orc wizard (D:4)
  Jessica (D:2)
  3 iguanas (D:4)
  Robin (D:1)
  3 gnolls (D:2)
  7 adders
  An ooze (D:2)
  A worm (D:4)
  A dart slug (D:2)
  3 leopard geckos
  8 orcs
  3 giant cockroaches
  15 goblins
  9 hobgoblins
  A quokka (D:2)
  A ball python (D:4)
  5 bats
  2 frilled lizards
  9 kobolds
  9 rats
88 creatures vanquished.

Notes
Turn   | Place    | Note
-------+----------+-------------------------------------------
     0 | D:1      | mopl the Deep Elf Assassin began the quest for the Orb.
     0 | D:1      | Reached XP level 1. HP: 12/12 MP: 3/3
   195 | D:1      | Reached XP level 2. HP: 7/16 MP: 4/4
   335 | D:1      | Reached skill level 5 in Stealth
   828 | D:2      | Noticed Robin
  1281 | D:1      | Killed Robin
  1281 | D:1      | Reached XP level 3. HP: 10/20 MP: 5/5
  1536 | D:2      | Noticed Jessica
  1552 | D:2      | Killed Jessica
  1552 | D:2      | Reached skill level 3 in Short Blades
  1552 | D:2      | Reached XP level 4. HP: 22/25 MP: 6/6
  1667 | D:2      | Reached skill level 6 in Stealth
  1677 | D:2      | Reached skill level 3 in Throwing
  2449 | D:2      | Found a sparkling altar of Nemelex Xobeh.
  2456 | D:2      | Reached XP level 5. HP: 29/29 MP: 7/7
  2822 | D:3      | Found a burning altar of Makhleb.
  3703 | D:4      | Reached skill level 7 in Stealth
  3769 | D:4      | Reached XP level 6. HP: 21/34 MP: 8/8
  3932 | D:4      | Found an iron altar of Okawaru.
  3987 | D:4      | Found Jeiribak's Jewellery Shop.
  4044 | D:4      | Reached skill level 4 in Short Blades
  4113 | D:4      | Reached skill level 4 in Throwing
  4113 | D:4      | Reached skill level 8 in Stealth
  4375 | D:4      | Found a sacrificial altar of Ru.
  4391 | D:4      | Found an ancient bone altar of Kikubaaqudgha.
  4391 | D:4      | Found a snail-covered altar of Cheibriados.
  4391 | D:4      | Found a shattered altar of Ashenzari.
  4391 | D:4      | Found a glowing silver altar of Zin.
  4403 | D:4      | Became a worshipper of Kikubaaqudgha
  4430 | D:4      | Reached XP level 7. HP: 13/38 MP: 9/9
  4431 | D:4      | Slain by a river rat

Skill      XL: |  1  2  3  4  5  6 |
---------------+-------------------+-----
Stealth        | 5 6 7 8 |  8.3
Short Blades   | 3 4 |  4.2
Throwing       | 3 4 |  4.0
Fighting       | |  1.5
Dodging        | |  1.2

Action                   |  1- 3 |  4- 6 |  7- 9 || total
-------------------------+-------+-------+-------++-------
Melee: Dagger            |    91 |   183 |       ||   274
 Fire: Blowgun           |     7 |    65 |       ||    72
  Use: Scroll            |       |     2 |       ||     2
 Stab: Sleeping          |     5 |    15 |       ||    20
       Distracted        |     1 |       |       ||     1
  Eat: Chunk             |     2 |     9 |       ||    11
Armor: Robe              |    13 |       |       ||    13
       Animal skin       |     2 |    81 |     1 ||    84
Dodge: Dodged            |    50 |   140 |     2 ||   192
